 Dungeon Crawl Stone Soup version 0.26-a0-542-gbaa144ba5c (webtiles) character file.

Game seed: 15285742684597745969

35 Descartes the Sneak (level 3, -6/25 HPs)
             Began as a Felid Wanderer on Aug 17, 2020.
             Mangled by Terence
             ... wielding a +1 mace of venom
              (7 damage)
             ... on level 2 of the Dungeon.
             The game lasted 00:02:31 (1639 turns).

Descartes the Sneak (Felid Wanderer)                Turns: 1639, Time: 00:02:31

Health: -6/25      AC:  1    Str:  9    XL:     3   Next: 16%
Magic:  4/4        EV: 18    Int: 11    God:
Gold:   72         SH:  0    Dex: 17    Spells: 2/2 levels left
                                        Lives:  0   Deaths: 0

rFire    . . .     SeeInvis +     - Unarmed
rCold    . . .     Faith    .   (shield unavailable)
rNeg     . . .     Spirit   .   (armour unavailable)
rPois    .         Reflect  .   (helmet unavailable)
rElec    .         Harm     .   (cloak unavailable)
rCorr    .                      (gloves unavailable)
MR       .....                  (boots unavailable)
Stlth    ..........             (no amulet)
HPRegen  0.08/turn              (no ring)
MPRegen  0.09/turn              (no ring)

@: brilliant, berserking, lethally poisoned (-6 -> -19), very quick
A: very small, no armour, no weapons or thrown items, stealth, claws 1, fangs 3,
see invisible, speed 1, shaggy fur 1, sharp paws
a: no special abilities


You were on level 2 of the Dungeon.
You visited 1 branch of the dungeon, and saw 2 of its levels.

You collected 72 gold pieces.

Inventory:

Missiles
 c - 134 stones
 e - 32 arrows
Scrolls
 b - 4 scrolls of teleportation
 f - 2 scrolls of remove curse {unknown}
 g - 2 scrolls of magic mapping {unknown}
 h - a scroll of enchant weapon {unknown}


   Skills:
 - Level 3.0 Fighting
 + Level 3.2 Dodging
 * Level 3.9 Stealth
 * Level 2.7 Unarmed Combat
   Level 1.1 Evocations


You had 2 spell levels left.
You didn't know any spells.
Your spell library was empty.

Dungeon Overview and Level Annotations

Branches:
Dungeon (2/15)

Altars:

Annotations:
D:2 Terence


Innate Abilities, Weirdness & Mutations

You cannot wear armour.
You are incapable of wielding weapons or throwing items.
Your paws allow you to move quietly. (Stealth)
You have sharp claws.
You have razor-sharp teeth.
You have supernaturally acute eyesight. (SInv)
You cover ground quickly.
You are covered in fur. (AC +1)
Your sharp claws are effective at attacking unaware monsters.


Message History

Terence misses you.
You feel sick.
You feel sick.
You feel sick.
Terence rages.
Terence hits you with a +1 mace of venom.
* * * LOW HITPOINT WARNING * * *
You are more poisoned.
* * * LOW HITPOINT WARNING * * *
You feel sick.
It was a potion of brilliance.
You feel clever all of a sudden.
* * * LOW HITPOINT WARNING * * *
You feel sick. Terence closely misses you.
A red film seems to cover your vision as you go berserk!
You feel yourself moving faster!
You feel mighty!
* * * LOW HITPOINT WARNING * * *
You feel sick.
Terence hits you with a +1 mace of venom!
You die...

..... #[.......#...#..
##### #..#
#...........>... ....#
###..######.#.....#(..<
.†..#
#.......###.#.#######..
....# #....#....#.#.. .
....# #.......#.#.####
....# #.......#.#.#
....######..)#..#..#.#
....##.......#..@@...#
....##.########.##.###
.......# #....#
##.##### ###### #...
####.# #


You could see Terence (berserk).

Vanquished Creatures
  2 dart slugs (D:1)
  A ball python (D:1)
  2 giant cockroaches (D:1)
  6 goblins
  5 hobgoblins
  A bat (D:1)
  A frilled lizard (D:1)
  7 kobolds (D:1)
  2 rats (D:1)
27 creatures vanquished.

Notes
Turn   | Place    | Note
-------+----------+-------------------------------------------
     0 | D:1      | Descartes the Felid Wanderer began the quest for the Orb.
     0 | D:1      | Descartes set off with the following items: a potion of
                  | berserk rage, 2 scrolls of teleportation
     0 | D:1      | Reached XP level 1. HP: 10/10 MP: 2/2
   445 | D:1      | Reached XP level 2. HP: 11/14 MP: 3/3
  1420 | D:1      | Reached XP level 3. HP: 17/17 MP: 4/4
  1612 | D:2      | Noticed Terence
  1639 | D:2      | HP: 1/25 [poisoned by Terence]
  1639 | D:2      | Mangled by Terence

Illustrated notes

Levels and vault maps discovered:
D:1:      noname_arrival_rooms_in_the_neighbourhood, layout_loops_cross,
          due_unseen_surprise
D:2:      layout_basic, chequers_temple_overflow_statue_of_worship,
          uniq_crazy_yiuf_cottage, uniq_natasha, uniq_terence

Skill      XL: |  1  2 |
---------------+-------+-----
Stealth        | 3 |  3.9
Dodging        | 3 |  3.2
Fighting       | |  3.0
Unarmed Combat | |  2.7
Evocations     | |  1.1

Action                   || total
-------------------------++-------
Melee: Unarmed           ||    89
       Punch             ||     1
       Bite              ||     3
  Use: Potion            ||     2
 Stab: Sleeping          ||     5
       Distracted        ||     2
Armor: Skin              ||     5
Dodge: Dodged            ||    63

Table legend: (Time is in decaauts)
 A = Elapsed time spent in this place.
 B = Non-inter-level travel time spent in this place.
 C = Inter-level travel time spent in this place.
 D = Time resting spent in this place.
 E = Time spent auto-exploring this place.
 F = Levels seen in this place.
 G = Mean time per level.
                   A        B        C        D        E       F      G
               +--------+--------+--------+--------+--------+-----+--------+
         Total |   1489 |   1468 |     21 |    313 |    880 |   2 |  744.5 |
       Dungeon |   1489 |   1468 |     21 |    313 |    880 |   2 |  744.5 |
               +--------+--------+--------+--------+--------+-----+--------+

Top non-repeatable levels by time:
     D:1: 1413 daAuts
     D:2: 75 daAuts
